 Dungeon Crawl Stone Soup version 0.32-a0-128-g77eb882913 (webtiles) character file.

Game seed: 5584322580306563771

2 Esekla the Sneak (level 1, -2/16 HPs)
             Began as an Octopode Delver on Feb 7, 2024.
             Slain by a gnoll
             ... wielding a +0 flail
              (3 damage)
             ... on level 5 of the Dungeon.
             The game lasted 00:00:46 (61 turns).

Esekla the Sneak (Octopode Delver)                    Turns: 61, Time: 00:00:47

Health: -2/16      AC:  1    Str: 11    XL:     1   Next: 30%
Magic:  1/1        EV: 13    Int: 12    God:
Gold:   0          SH:  0    Dex: 13    Spells: 0/0 levels left

rFire   . . .        a - +0 falchion
rCold   . . .        (no shield)
rNeg    . . .        (helmet restricted)
rPois   .            (no amulet)
rElec   .            (no ring)
rCorr   .            (no ring)
SInv    .            (no ring)
Will    .....        (no ring)
Stlth   ++++         (no ring)
HPRegen 0.22/turn    (no ring)
MPRegen 0.07/turn    (no ring)
                     (no ring)

%: no passive effects
@: no status effects
A: almost no armour, amphibious, 8 rings, camouflage 1, gelatinous body 1,
(nimble swimmer 1), tentacles
a: no special abilities


You were on level 5 of the Dungeon.
You visited 1 branch of the dungeon, and saw 1 of its levels.

Inventory:

Hand Weapons
 a - a +0 falchion (weapon)
Wands
 f - a wand of digging (3)
Scrolls
 b - a scroll of fog
 c - a scroll of blinking {unknown}
 d - a scroll of fear
 g - a scroll of noise {unknown}
Potions
 e - a potion of haste


   Skills:
 * Level 3.0 Fighting
 + Level 2.0 Long Blades
 * Level 2.0 Dodging
 + Level 6.6 Stealth


You couldn't memorise any spells.
You didn't know any spells.
Your spell library contained the following spells:

 Spells                   Type           Power      Damage    Failure   Level
 Foxfire                  Conj/Fire      0%         2x1d4     32%         1
 Plasma Beam              Fire/Air       0%         2x1d10    100%        6
 Starburst                Conj/Fire      0%         6d3       100%        6


Dungeon Overview and Level Annotations

Branches:
Dungeon (5/15)
 Temple: D:4-7

Altars:
Cheibriados


Innate Abilities, Weirdness & Mutations

You cannot wear most types of armour.
You are amphibious.
You can wear up to eight rings at the same time.
Your skin changes colour to match your surroundings (Stealth+).
Your rubbery body absorbs attacks. (AC +1, EV +1)
((You are camouflaged when in or above water. (Stealth+)))
You have tentacles for arms and can constrict up to eight enemies at once.


Message History

Found a stone staircase leading up.
Found a glowing short sword.
An orc comes into view. It is wielding a +0 club.
Found a stone staircase leading down.
Found a scroll labelled JOUMNYJUSU.
An orc comes into view. It is wielding a +0 flail.
Found a stone staircase leading up.
Found a scroll labelled QAIFU ANOINLU.
You see here a scroll labelled JOUMNYJUSU.
c - a scroll labelled JOUMNYJUSU The orc shouts!
You see here a scroll labelled QAIFU ANOINLU.
g - a scroll labelled QAIFU ANOINLU
Found a book of Fire.
You see here a book of Fire.
You pick up a book of Fire and begin reading...
You add the spells Foxfire, Plasma Beam and Starburst to your library.
A gnoll comes into view.
It is wielding a +0 spear. 2 gnolls come into view.
Found a stone staircase leading up.
You open the gate.
A ribbon worm comes into view.
Found a snail-covered altar of Cheibriados.
You slash the orc!
You kill the orc!
You hit the gnoll. Your grab misses the gnoll. You squeeze the gnoll.
The gnoll is moderately wounded.
The gnoll completely misses you.
You barely miss the gnoll. You grab the gnoll.
You squeeze the gnoll, but do no damage.
The gnoll is moderately wounded.
You constrict the gnoll, but do no damage.
The gnoll hits you with a +0 flail.
You hit the gnoll.
The gnoll is heavily wounded.
You constrict the gnoll. The gnoll hits you with a +0 flail!
Ouch! That really hurt!
* * * LOW HITPOINT WARNING * * *
The gnoll hits you with a +0 flail.
You die...

........#........,,,,,,,*
....⌠........#######**,**
.............#.._..# ***
.........#####.....#
.....###..# #.....#
...g...#g.# #..w..#
g.........# #.....#
#........g#####'''##
*,.........g.#..@..#
**.<......##o#.g...#
*#....#####.#..ß..#
#...#* #.......# *
#...,** ######### *
##.,,,* * #,,*** ****


You could see a ribbon worm and a gnoll.

Vanquished Creatures
  An orc (D:5)
1 creature vanquished.

Notes
Turn   | Place    | Note
-------+----------+-------------------------------------------
     0 | D:5      | Esekla the Octopode Delver began the quest for the Orb.
     0 | D:5      | Reached XP level 1. HP: 16/16 MP: 1/1
    57 | D:5      | Found a snail-covered altar of Cheibriados.
    61 | D:5      | Slain by a gnoll

Illustrated notes

Levels and vault maps discovered:
D:5:      layout_cave_pools, slow_altar_2, serial_column_ruins,
          column_ruins_hut_ruined, column_ruins_open_small,
          column_ruins_open_medium, column_ruins_open_tiny, column_ruins_grid_3,
          column_ruins_open_small, uniq_menkaure

Action                     || total
---------------------------++-------
  Melee: Falchion          ||     4
         Tentacles         ||     2
         Constrict         ||     1
    Use: Scroll            ||     1
 Armour: Skin              ||     3
  Dodge: Dodged            ||     1

Table legend: (Time is in decaauts)
 A = Elapsed time spent in this place.
 B = Non-inter-level travel time spent in this place.
 C = Inter-level travel time spent in this place.
 D = Time resting spent in this place.
 E = Time spent auto-exploring this place.
 F = Levels seen in this place.
 G = Mean time per level.
                   A        B        C        D        E       F      G
               +--------+--------+--------+--------+--------+-----+--------+
         Total |     61 |     61 |      0 |      0 |      0 |   1 |   61.0 |
       Dungeon |     61 |     61 |      0 |      0 |      0 |   1 |   61.0 |
               +--------+--------+--------+--------+--------+-----+--------+

Top non-repeatable levels by time:
     D:5: 61 daAuts
